 Dungeon Crawl Stone Soup version 0.22-a0-515-g75794bf (webtiles) character file.

44 inc the Chiller (level 3, -5/21 HPs)
             Began as an Octopode Ice Elementalist on June 19, 2018.
             Slain by Sigmund
             ... wielding a +0 scythe
              (12 damage)
             ... on level 2 of the Dungeon.
             The game lasted 00:02:06 (1571 turns).

inc the Chiller (Octopode Ice Elementalist)         Turns: 1571, Time: 00:02:07

Health: -5/21      AC:  1    Str:  7    XL:     3   Next: 62%
Magic:  6/6        EV: 13    Int: 18    God:
Gold:   40         SH:  0    Dex: 12    Spells: 5/6 levels left

rFire    . . .     SeeInvis .   g - +1 dagger (speed)
rCold    . . .     Gourm    .   (no shield)
rNeg     . . .     Faith    .   (helmet restricted)
rPois    .         Spirit   .   (no amulet)
rElec    .         Reflect  .   (no ring)
rCorr    .         Harm     .   (no ring)
MR       .....                  (no ring)
Stlth    +++.......             (no ring)
HPRegen  0.07/turn              (no ring)
MPRegen  0.10/turn              (no ring)
                                (no ring)
                                (no ring)

@: no status effects
A: almost no armour, stealthy swim, amphibious, 8 rings, constrict 8, camouflage
1, gelatinous body 1
a: no special abilities


You were on level 2 of the Dungeon.
You were very hungry.

You visited 1 branch of the dungeon, and saw 2 of its levels.

You collected 40 gold pieces.

Inventory:

Hand Weapons
 e - a +0 short sword
 g - a +1 dagger of speed (weapon)
Scrolls
 a - 2 scrolls of teleportation {unknown}
 c - 2 scrolls of remove curse {unknown}
 d - a scroll of enchant armour {unknown}
 f - a scroll of blinking {unknown}
Potions
 h - a potion of flight {unknown}
 i - 2 potions of lignification {unknown}
Comestibles
 b - 4 rations


   Skills:
 - Level 2.0 Dodging
 - Level 2.6 Stealth
 - Level 2.0 Spellcasting
   Level 1.0 Conjurations
 + Level 4.5 Ice Magic


You had 5 spell levels left.
You knew the following spells:

 Your Spells              Type           Power        Failure   Level  Hunger
a - Freeze                Ice            ###.         2%          1    #......

Your spell library contained the following spells:

 Spells                   Type           Power        Failure   Level  Hunger
 Throw Frost              Conj/Ice       ##....       9%          2    ###....
 Summon Ice Beast         Ice/Summ       #.......     56%         4    #####..
 Ozocubu's Armour         Chrm/Ice       #.......     22%         3    ###....
 Throw Icicle             Conj/Ice       ##......     50%         4    #####..


Dungeon Overview and Level Annotations

Branches:
Dungeon (2/15)

Altars:
Yredelemnul

Annotations:
D:2 Sigmund


Innate Abilities, Weirdness & Mutations

You cannot wear most types of armour.
You are very stealthy in the water. (Stealth+)
You are amphibious.
You can wear up to eight rings at the same time.
You can use your tentacles to constrict eight enemies at once.
Your skin changes colour to match your surroundings (Stealth+).
Your rubbery body absorbs attacks. (AC +1, EV +1)


Message History

The bat hits you but does no damage. The gnoll barely misses you.
The gnoll hits you with a whip.
* * * LOW HITPOINT WARNING * * *
The bat closely misses you. The bat closely misses you.
The bat closely misses you.
A frilled lizard comes into view.
A bat comes into view.
The bat hits the withered plant but does no damage.
The gnoll closely misses you. The bat closely misses you.
A kobold comes into view.
Sigmund shouts!
The kobold shouts!
The hobgoblin shouts!
The bat barely misses you. The bat closely misses you.
The kobold throws a stone.
The stone barely misses you. The bat hits you but does no damage.
Sigmund hits you from afar with a scythe!
Ouch! That really hurt!
You die...

##.........###....###.......
#..........>#..............#
##..........................#
.#...........#..........P.P.?.
......(......#.####......_...#
......./.....#..........P.P..#
................#............#
..........<....#b...g.!.......>..
..............g.@.g#.g...........
..............@...bgg#.......(..#
..@........................l.....
.........!..K...#####............
................#.........?......
..$.............(. ##<..w........
...............#............###..
..<.............%####.......# ..#
$....#.####... ........# ###


You could see Sigmund, 3 gnolls, a hobgoblin, a goblin, 2 bats and a kobold.

Vanquished Creatures
  An adder (D:1)
  2 leopard geckos (D:1)
  3 goblins (D:1)
  6 hobgoblins (D:1)
  9 jackals (D:1)
  2 ball pythons (D:1)
  A bat (D:1)
  A frilled lizard (D:1)
  A kobold (D:1)
  2 rats
28 creatures vanquished.

Notes
Turn   | Place    | Note
-------+----------+-------------------------------------------
     0 | D:1      | inc the Octopode Ice Elementalist began the quest for the Orb.
     0 | D:1      | Reached XP level 1. HP: 11/11 MP: 3/3
   101 | D:1      | Reached XP level 2. HP: 10/17 MP: 0/5
   563 | D:1      | Reached skill level 4 in Ice Magic
   746 | D:1      | Reached XP level 3. HP: 18/21 MP: 2/6
  1219 | D:2      | Noticed Sigmund
  1552 | D:2      | Found a basalt altar of Yredelemnul.
  1571 | D:2      | Slain by Sigmund

Vault maps used:
D:1:      minmay_arrival_four_circles, serial_glass, glass_columns_a,
          glass_columns_b
D:2:      yredelemnul_altar_generic, first_ration, elyvilon_altar_4,
          uniq_sigmund

Skill      XL: |  1  2 |
---------------+-------+-----
Ice Magic      | 4 |  4.5
Dodging        | |  2.0
Stealth        | |  2.6
Spellcasting   | |  2.0
Conjurations   | |  1.0

Action                   || total
-------------------------++-------
Melee: Short sword       ||     8
       Dagger            ||    16
       Constrict         ||     7
       Tentacles         ||     1
 Cast: Freeze            ||    29
 Stab: Sleeping          ||     3
  Eat: Chunk             ||     1
Armor: Skin              ||     5
Dodge: Dodged            ||    55

Table legend:
 A = Spawn XP
 B = Non-spawn XP
 C = Spawn XP percentage of total XP
 D = Spawn monster count
 E = Non-spawn monster count
 F = Spawn count percentage of total count
 G = Total turns spent on level
                    A         B        C        D         E        F      G
               +---------+---------+-------+---------+---------+-------+---------
         Total |       0 |      64 |   0.0 |       0 |      28 |   0.0 |  1571
               +---------+---------+-------+---------+---------+-------+---------
           D:1 |       0 |      63 |   0.0 |       0 |      27 |   0.0 |  1527
           D:2 |       0 |       1 |   0.0 |       0 |       1 |   0.0 |    44
               +---------+---------+-------+---------+---------+-------+---------
